 Dungeon Crawl Stone Soup version 0.27-a0-1321-gd358eaa319 (webtiles) character file.

Game seed: 16336995558959926902

29432 Froggeryz the Impaler (level 13, -13/96 HPs)
             Began as a Ghoul Gladiator on June 22, 2021.
             Was the Champion of Okawaru.
             Mangled by a hell knight (17 damage)
             ... in a volcano.
             The game lasted 00:23:57 (18542 turns).

Froggeryz the Impaler (Ghoul Gladiator)            Turns: 18542, Time: 00:23:57

Health: -13/96     AC: 12    Str: 25    XL:     13   Next: 45%
Magic:  0/27       EV: 12    Int:  4    God:    Okawaru [******]
Gold:   887        SH:  5    Dex: 14    Spells: 12/12 levels left

rFire    + + .     SeeInvis +   v - +2 demon trident (flame)
rCold    + + +     Faith    .   F - +0 buckler
rNeg     + + +     Spirit   +   e - +4 skin of Zhor {*Englaciate rC+++ SInv}
rPois    ∞         Reflect  .   c - +0 helmet
rElec    .         Harm     .   b - +1 cloak
rCorr    +         Rampage  .   p - +0 pair of gloves
Will     .....                  l - +0 pair of boots
Stlth    +.........             z - amulet of guardian spirit
HPRegen  0.00/turn              H - +6 ring of strength
MPRegen  0.20/turn              h - ring "Tacifumu" {rF++ rCorr MP+9 Str-3 Dex+4}

@: finesse-ful
A: claws 1, cold resistance 1, negative energy resistance 3, inhibited
regeneration, torment resistance 2
a: Renounce Religion, Heroism, Finesse


You were in a volcano.
You worshipped Okawaru.
Okawaru was exalted by your worship.
You visited 4 branches of the dungeon, and saw 16 of its levels.
You also visited: Volcano.

You collected 887 gold pieces.

Inventory:

Hand Weapons
 k - a +0 dagger of electrocution
 v - a +2 demon trident of flaming (weapon)
 w - the +10 glaive of the Protecting Badger {vorpal, rElec rCorr Dex+7 Stlth-}
   (Okawaru gifted it to you on level 3 of the Lair of Beasts)

   It inflicts extra damage upon your enemies.
   It affects your dexterity (+7).
   It insulates you from electricity.
   It protects you from acid and corrosion.
   It makes you less stealthy.
Missiles
 d - a throwing net
 u - 6 boomerangs (quivered)
 D - 23 poisoned darts
 E - a curare-tipped dart
Armour
 b - a +1 cloak (worn)
 c - a +0 helmet (worn)
 e - the +4 skin of Zhor (worn) {*Englaciate rC+++ SInv}
   (You found it on level 1 of the Lair of Beasts)

   It renders you almost immune to cold.
   It lets you see invisible.
 j - a +4 chain mail
 l - a +0 pair of boots (worn)
 p - a +0 pair of gloves (worn)
 F - a +0 buckler (worn)
Jewellery
 h - the ring "Tacifumu" (right hand) {rF++ rCorr MP+9 Str-3 Dex+4}
   (You acquired it in a volcano)

   [ring of magical power]

   It affects your strength (-3).
   It affects your dexterity (+4).
   It greatly protects you from fire.
   It affects your magic capacity (+9).
   It protects you from acid and corrosion.
 x - a ring of ice
 z - an amulet of guardian spirit (around neck)
 G - a +6 ring of dexterity
 H - a +6 ring of strength (left hand)
 Q - a ring of protection from fire
Wands
 a - a wand of acid (13)
 f - a wand of charming (5)
 o - a wand of polymorph (11)
 B - a wand of iceblast (24)
 I - a wand of flame (10)
 J - a wand of paralysis (5)
 M - a wand of mindburst (6)
Scrolls
 i - 3 scrolls of magic mapping
 r - 4 scrolls of amnesia
 t - a scroll of fog
 y - 2 scrolls of blinking
 A - 4 scrolls of enchant armour
 L - a scroll of immolation
 N - 2 scrolls of silence
Potions
 g - 3 potions of haste
 m - a potion of might
 n - 11 potions of curing
 q - a potion of flight
 s - 7 potions of ambrosia
 C - a potion of brilliance
 K - a potion of heal wounds
 O - a potion of berserk rage {unknown}
 S - a potion of magic {unknown}


   Skills:
 * Level 3.9 Fighting
 - Level 6.3 Maces & Flails
 - Level 15.3 Polearms
 - Level 1.7 Throwing
 - Level 4.0 Armour
 - Level 2.6 Dodging
 - Level 5.0 Shields
 - Level 8.0 Invocations
 + Level 6.1 Evocations


You had 12 spell levels left.
You didn't know any spells.
Your spell library contained the following spells:

 Spells                   Type           Power      Damage    Failure   Level
 Animate Skeleton         Necr           0%         N/A       50%         1
 Apportation              Tloc           0%         N/A       50%         1
 Corona                   Hex            0%         N/A       50%         1
 Sting                    Tmut/Pois      0%         1d3       50%         1
 Summon Small Mammal      Summ           0%         N/A       50%         1
 Poisonous Vapours        Pois/Air       0%         N/A       65%         2
 Slow                     Hex            0%         N/A       65%         2
 Ignite Poison            Fire/Tmut/Pois 0%         N/A       86%         3
 Inner Flame              Hex/Fire       0%         N/A       86%         3
 Mephitic Cloud           Conj/Pois/Air  0%         N/A       86%         3
 Portal Projectile        Hex/Tloc       0%         N/A       86%         3
 Cause Fear               Hex            0%         N/A       99%         4
 Leda's Liquefaction      Hex/Erth       0%         N/A       99%         4
 Olgreb's Toxic Radiance  Pois           0%         N/A       99%         4


Dungeon Overview and Level Annotations

Branches:
Dungeon (10/15)            Temple (1/1) D:7            Lair (4/6) D:10
 Shoals (1/4) Lair:2        Snake (0/4) Lair:2          Orc (0/2) D:9
Volcano (1/1)

Altars:
Ashenzari
Cheibriados
Dithmenos
Elyvilon
Fedhas
Gozag
Hepliaklqana
Kikubaaqudgha
Makhleb
Nemelex Xobeh
Okawaru
Qazlal
Ru
Sif Muna
Trog
Uskayaw
Vehumet
Wu Jian
Xom
Yredelemnul
Zin
The Shining One

Portals:
Trove: D:10 (give 12 scrolls of teleportation)

Annotations:
D:5 3 runed translucent doors, Bnni's ghost, novice FoFi
D:10 1 runed translucent door, Thargor's ghost, journeyman DjFE
Lair:3 exclusion: 2 oklob plants
Lair:4 Rupert


Innate Abilities, Weirdness & Mutations

You thrive by killing the living.
You are immune to poison.
You have sharp fingernails.
Your flesh is cold resistant. (rC+)
You are immune to negative energy. (rN+++)
You do not regenerate when monsters are visible.
You are immune to unholy pain and torment.


Message History

The salamander hits you from afar with a +0 glaive!
You are engulfed in flames.
You resist.
You feel much better. You block the hell knight's attack. x2
The salamander barely misses you.
You hit the hell knight but do no damage.
The hell knight is moderately wounded.
You hit the hell knight but do no damage.
The hell knight is moderately wounded.
You hit the hell knight.
The hell knight is heavily wounded.
The hell knight hits you with a +2 broad axe of flaming!
The hell knight burns you.
You hit the hell knight but do no damage.
The hell knight is heavily wounded.
The salamander hits you from afar with a +0 glaive!
* * * LOW HITPOINT WARNING * * *
You are engulfed in flames.
You resist.
* * * LOW HITPOINT WARNING * * *
You closely miss the hell knight.
The hell knight is heavily wounded.
The hell knight hits you with a +2 broad axe of flaming.
* * * LOW HITPOINT WARNING * * *
You feel much better.
The hell knight hits you with a +2 broad axe of flaming!
The hell knight burns you.
* * * LOW HITPOINT WARNING * * *
The salamander closely misses you.
You barely miss the hell knight.
The hell knight is heavily wounded.
The hell knight hits you with a +2 broad axe of flaming.
* * * LOW HITPOINT WARNING * * *
You hit the hell knight.
The hell knight is heavily wounded.
The salamander hits you from afar with a +0 glaive!
* * * LOW HITPOINT WARNING * * *
You are engulfed in flames.
You resist.
* * * LOW HITPOINT WARNING * * *
Okay, then.
The hell knight hits you with a +2 broad axe of flaming!!
You die...

##...≈§≈§§≈§≈≈§≈≈≈≈
#....≈≈≈§≈§§≈≈≈≈≈≈≈
#....≈≈≈≈§≈§§≈≈≈≈≈≈
###..≈≈≈§≈≈§≈§§≈≈≈≈
##..≈≈≈≈§≈§≈≈≈§§§
##..≈§≈§§§§≈≈≈§≈
###..§≈≈≈≈≈§§≈≈≈≈
##+#######8....§§≈≈≈≈≈≈≈≈§
......N'p@.....§§§≈≈≈≈§§≈.
......####8.....§§≈≈≈≈≈...
..... ####....≈.≈§≈.###
...N ####......## #.p
######## #. #


You could see a hell knight (fast) and a salamander.

Vanquished Creatures
  A hydra (Lair:4)
  A catoblepas (Lair:2)
  4 death yaks
  A deep elf pyromancer (D:10)
  2 salamanders (Volcano)
  A wolf spider zombie (D:10)
  A manticore (Lair:1)
  3 elephants (Lair:3)
  4 black mambas (Lair:2)
  A torpor snail (Lair:1)
  Maggie (D:7)
  6 cane toads
  4 rime drakes (Lair:1)
  A centaur skeleton (D:10)
  3 komodo dragons
  3 hellwings (D:10)
  A wind drake (Lair:2)
  A queen bee (Lair:1)
  A harpy skeleton (D:10)
  4 blink frogs (Lair:1)
  Prince Ribbit (D:6)
  2 dream sheep (Lair:4)
  Sigmund (D:3)
  A spriggan (D:7)
  26 yaks
  A shadow (D:9)
  6 fire bats (Volcano)
  A wyvern (Lair:3)
  2 steam dragons
  3 basilisks
  Menkaure (D:7)
  Edmund (D:6)
  3 nagas (Lair:2)
  7 water moccasins
  2 black bears
  A sky beast (D:8)
  An ice beast (D:5)
  5 orc warriors
  7 wolves
  3 ogres
  5 centaurs
  3 kobold brigands
  7 bullfrogs
  A gnoll sergeant (D:7)
  A scorpion (D:6)
  A water moccasin zombie (D:7)
  2 water moccasin skeletons
  34 killer bees
  13 wights
  A howler monkey (D:9)
  5 lava snakes (Volcano)
  2 bullfrog zombies (D:7)
  6 centaur zombies
  A jelly (D:6)
  Crazy Yiuf (D:2)
  9 orc priests
  An iguana (D:6)
  2 bullfrog skeletons
  Terence (D:4)
  10 orc wizards
  A hell rat (D:10)
  4 gnolls
  6 adders
  2 river rats (D:10)
  A shadow imp (D:7)
  A white imp (D:7)
  An adder zombie (D:5)
  2 worms
  A dart slug (D:5)
  30 orcs
  6 endoplasms
  4 giant cockroaches
  6 hobgoblins
  17 jackals
  30 kobolds
  5 quokkas
  3 ball pythons
  A bat (D:3)
  2 frilled lizards
  5 goblins
  8 rats
361 creatures vanquished.

Vanquished Creatures (others)
  22 fungi
  29 plants
  5 toadstools (D:8)
  2 withered plants (D:10)
58 creatures vanquished.

Grand Total: 419 creatures vanquished

Notes
Turn   | Place    | Note
-------+----------+-------------------------------------------
     0 | D:1      | Froggeryz the Ghoul Gladiator began the quest for the Orb.
     0 | D:1      | Reached XP level 1. HP: 17/17 MP: 0/0
    54 | D:1      | Found a faded altar of an unknown god.
   273 | D:1      | Reached XP level 2. HP: 19/24 MP: 1/1
  1002 | D:2      | Reached XP level 3. HP: 29/29 MP: 2/2
  1270 | D:2      | Noticed Terence
  1350 | D:2      | You fall into a shaft and drop 1 floor!
  1469 | D:3      | Reached XP level 4. HP: 36/36 MP: 3/3
  2082 | D:2      | Found a runed translucent door.
  2083 | D:2      | Noticed Crazy Yiuf
  2094 | D:2      | Killed Crazy Yiuf
  2296 | D:3      | Noticed Sigmund
  2320 | D:3      | Killed Sigmund
  2321 | D:3      | Reached skill level 5 in Maces & Flails
  2321 | D:3      | Reached XP level 5. HP: 8/41 MP: 4/4
  2321 | D:3      | Reached XP level 6. HP: 10/48 MP: 5/5
  3305 | D:4      | Reached XP level 7. HP: 44/55 MP: 6/6
  3348 | D:4      | Killed Terence
  3369 | D:4      | You fall into a shaft and drop 2 floors!
  3430 | D:6      | Reached skill level 1 in Polearms
  3591 | D:5      | Entered Level 5 of the Dungeon
  3802 | D:5      | Reached skill level 2 in Polearms
  3832 | D:5      | Reached skill level 3 in Polearms
  3958 | D:4      | Reached XP level 8. HP: 24/61 MP: 7/7
  4521 | D:3      | Reached skill level 4 in Polearms
  5218 | D:5      | Reached skill level 5 in Polearms
  5413 | D:5      | Found a runed translucent gate.
  5413 | D:5      | Found a runed translucent gate.
  5415 | D:5      | Noticed Bnni's ghost (novice FoFi)
  5419 | D:5      | Found a runed translucent gate.
  5594 | D:5      | Reached skill level 6 in Polearms
  6104 | D:6      | Reached skill level 7 in Polearms
  6169 | D:6      | Noticed Edmund
  6179 | D:6      | Killed Edmund
  6180 | D:6      | Reached skill level 1 in Shields
  6180 | D:6      | Reached XP level 9. HP: 57/67 MP: 6/8
  6805 | D:7      | Noticed Prince Ribbit
  7020 | D:6      | Killed Prince Ribbit
  7021 | D:6      | Reached skill level 8 in Polearms
  7164 | D:7      | Noticed Menkaure
  7175 | D:7      | Killed Menkaure
  7400 | D:7      | Noticed Maggie
  7578 | D:7      | Killed Maggie
  7671 | D:7      | Found a sacrificial altar of Ru.
  7708 | D:7      | Reached skill level 9 in Polearms
  8140 | D:7      | Paralysed by a spriggan for 3 turns
  8144 | D:7      | Reached XP level 10. HP: 73/73 MP: 9/9
  8145 | D:7      | Found a faded altar of an unknown god.
  8147 | D:7      | Found a hazy altar of Hepliaklqana.
  8186 | D:7      | Found a bloodstained altar of Trog.
  8188 | D:7      | Found a burning altar of Makhleb.
  8269 | D:7      | Found a staircase to the Ecumenical Temple.
  8278 | Temple   | Entered the Ecumenical Temple
  8463 | Temple   | Became a worshipper of Warmaster Okawaru
  9637 | D:8      | Reached skill level 10 in Polearms
 10072 | D:7      | Reached * piety under Okawaru
 10073 | D:7      | Reached skill level 5 in Shields
 10262 | D:7      | Reached skill level 1 in Invocations
 11014 | D:9      | Found a staircase to the Orcish Mines.
 11152 | D:9      | Reached ** piety under Okawaru
 11499 | D:9      | Found an opulent altar of Gozag.
 11517 | D:10     | Entered Level 10 of the Dungeon
 11520 | D:10     | Found a runed translucent door.
 11520 | D:10     | Noticed Thargor's ghost (journeyman DjFE)
 11602 | D:10     | Noticed a deep elf pyromancer
 11713 | D:10     | Noticed a death yak
 11713 | D:10     | Noticed a death yak
 11747 | D:9      | Killed a death yak
 11748 | D:9      | Reached skill level 11 in Polearms
 12001 | D:10     | Reached XP level 11. HP: 74/79 MP: 11/13
 12126 | D:10     | Reached *** piety under Okawaru
 12127 | D:10     | Reached skill level 5 in Invocations
 12163 | D:10     | HP: 3/79 [hellwing (6)]
 12200 | D:10     | Reached skill level 12 in Polearms
 12267 | D:10     | Found the +4 Cigotuvi's embrace {rMiasma Drain rN+}
 12474 | D:10     | Found a staircase to the Lair.
 12477 | D:10     | Noticed a death yak
 12516 | D:9      | Killed a death yak
 12516 | D:9      | Reached **** piety under Okawaru
 12717 | D:10     | Killed a death yak
 12860 | D:10     | Found a portal to a secret trove of treasure.
 13114 | D:10     | Killed a deep elf pyromancer
 13171 | D:10     | Reached ***** piety under Okawaru
 13382 | Lair:1   | Entered Level 1 of the Lair of Beasts
 13615 | Lair:1   | Found the +4 skin of Zhor {*Englaciate rC+++ SInv}
 13631 | Lair:1   | Reached skill level 13 in Polearms
 13645 | Lair:1   | Reached XP level 12. HP: 21/85 MP: 1/16
 14147 | Lair:1   | Reached skill level 1 in Evocations
 14305 | Lair:1   | Received a gift from Okawaru
 14975 | Lair:2   | Found a staircase to the Snake Pit.
 15080 | Lair:2   | Reached ****** piety under Okawaru
 15182 | Lair:2   | Reached skill level 14 in Polearms
 15357 | Lair:2   | Noticed a death yak
 15357 | Lair:2   | Noticed a catoblepas
 15373 | Lair:2   | Killed a death yak
 15394 | Lair:2   | Killed a catoblepas
 15683 | Lair:2   | Found a staircase to the Shoals.
 16392 | Lair:2   | Reached XP level 13. HP: 91/91 MP: 16/18
 16766 | Shoals:1 | Entered Level 1 of the Shoals
 16807 | Lair:3   | Identified the +10 glaive of the Protecting Badger {vorpal,
                  | rElec rCorr Dex+7 Stlth-} (Okawaru gifted it to you on
                  | level 3 of the Lair of Beasts)
 16807 | Lair:3   | Received a gift from Okawaru
 16816 | Lair:3   | Reached skill level 5 in Evocations
 17040 | Lair:3   | Reached skill level 15 in Polearms
 18079 | Lair:4   | Noticed Rupert
 18150 | Lair:4   | Found a dark tunnel.
 18155 | Volcano  | Entered a volcano
 18234 | Volcano  | Identified a scroll of acquirement
 18234 | Volcano  | Acquired the ring "Tacifumu" {rF++ rCorr MP+9 Str-3 Dex+4}
 18541 | Volcano  | HP: 4/96 [salamander (4)]
 18542 | Volcano  | Mangled by a hell knight

Illustrated notes

Levels and vault maps discovered:
D:1:      dpeg_arrival_shelter, layout_loops_cross,
          hellmonk_ecumenical_altar_zigzags, dk_noncrumbling_3
D:2:      layout_basic, uniq_terence, uniq_crazy_yiuf_cottage
D:3:      layout_basic, uniq_sigmund
D:4:      wad_pebble_path, layout_rooms, portal_sewer_entry_d,
          minmay_misc_feat_four_crosses
D:5:      layout_loops_corners, gammafunk_ghost_nasty_kobolds
D:6:      layout_loops_corners, uniq_edmund
D:7:      layout_basic, beargit_hepliaklqana_dungeon_heroes,
          nicolae_overflow_hidden_temple, minmay_temple_entry_gardened_gates,
          uniq_prince_ribbit1, uniq_menkaure, uniq_maggie
D:8:      layout_loops_corners, minmay_gold_behind_fungi, nrook_mini_backslash,
          grunt_ministairs_9
D:9:      wad_statue_garden, layout_loops_corners,
          pdpol_temple_overflow_zin_treasury_gozag_greed, orc_0_dummy,
          kennysheep_nub, kennysheep_generic_room_10
D:10:     layout_grid_maze, dpeg_lair_monsters, gammafunk_ghost_grave,
          nicolae_trove_entry_columns, hellmonk_guarded_unrand_cigotuvi
Temple:   regret_index_temple_sphere_string
Lair:1:   layout_misc_corridors, special_room [special_room_bee],
          hellmonk_guarded_unrand_zhor
Lair:2:   layout_concentric_octagons, minmay_shoals_entry_beasts,
          guppyfry_snake_entry_island, hangedman_lair_generics_rect,
          lemuel_fruit_fields
Lair:3:   dpeg_oklob_gauntlet, layout_cave_pods, minmay_holes,
          beast_lair_carwin_2, infiniplex_staircase_pool
Lair:4:   layout_roguey, nicolae_volcano_entry_s_turn,
          cheibrodos_lair_caveside_slide, serial_bayou_shore_b,
          lemuel_fruit_tree, infiniplex_staircase_pool_2, uniq_rupert
Shoals:1: layout_shoals, nicolae_shoals_secluded_bog
Volcano:  volcano_grotto [vgs_statue_spotlight]

Skill      XL: |  1  2  3  4  5  6  7  8  9 10 11 12 13 |
---------------+----------------------------------------+-----
Maces & Flails | 3 4 5 6 |  6.3
Armour         | 2 3 4 |  4.0
Polearms       | 3 7 9 11 13 14 15 | 15.3
Shields        | 1 4 5 |  5.0
Invocations    | 4 7 8 |  8.0
Evocations     | 4 6 |  6.1
Fighting       | 3 |  3.9
Throwing       | |  1.7
Dodging        | |  2.6

Action                   |  1- 3 |  4- 6 |  7- 9 | 10-12 | 13-15 || total
-------------------------+-------+-------+-------+-------+-------++-------
Melee: Flail             |    68 |       |       |       |       ||    68
       Dagger            |    93 |   111 |   163 |       |       ||   367
       Demon trident     |       |       |   259 |   850 |   259 ||  1368
Throw: Throwing net      |       |     4 |       |       |       ||     4
       Boomerang         |       |       |       |       |     3 ||     3
Invok: Finesse           |       |       |       |     1 |     1 ||     2
Evoke: Wand              |       |       |    10 |    14 |     1 ||    25
  Use: Potion            |       |     2 |       |     2 |     3 ||     7
       Scroll            |       |       |    16 |     7 |     4 ||    27
 Stab: Held in net/web   |       |     2 |       |       |       ||     2
       Paralysed         |       |       |       |     2 |       ||     2
       Petrified         |       |       |       |     2 |       ||     2
       Sleeping          |       |       |       |     1 |       ||     1
Armor: Leather armour    |    18 |       |       |       |       ||    18
       Chain mail        |   119 |    58 |   313 |   306 |       ||   796
       Animal skin       |       |       |       |    42 |    62 ||   104
Dodge: Dodged            |   112 |    26 |   202 |   276 |    63 ||   679
Block: Buckler           |       |       |       |    98 |    37 ||   135

Table legend: (Time is in decaauts)
 A = Elapsed time spent in this place.
 B = Non-inter-level travel time spent in this place.
 C = Inter-level travel time spent in this place.
 D = Time resting spent in this place.
 E = Time spent auto-exploring this place.
 F = Levels seen in this place.
 G = Mean time per level.
                   A        B        C        D        E       F      G
               +--------+--------+--------+--------+--------+-----+--------+
         Total |  18220 |  17518 |    702 |   2937 |  11288 |  17 | 1071.8 |
       Dungeon |  13103 |  12522 |    581 |   2356 |   7734 |  10 | 1310.3 |
        Temple |    210 |    155 |     55 |      0 |    152 |   1 |  210.0 |
          Lair |   4550 |   4484 |     66 |    500 |   3235 |   4 | 1137.5 |
        Shoals |      8 |      8 |      0 |      0 |      0 |   1 |    8.0 |
       Volcano |    347 |    347 |      0 |     81 |    167 |   1 |  347.0 |
               +--------+--------+--------+--------+--------+-----+--------+

Top non-repeatable levels by time:
     D:7: 1959 daAuts
  Lair:1: 1769 daAuts
     D:3: 1694 daAuts
     D:6: 1595 daAuts
    D:10: 1523 daAuts
     D:8: 1511 daAuts
  Lair:2: 1465 daAuts
     D:2: 1147 daAuts
  Lair:3: 1120 daAuts
     D:5: 1106 daAuts
     D:1: 903 daAuts
     D:4: 830 daAuts
     D:9: 830 daAuts
 Volcano: 347 daAuts
  Temple: 210 daAuts
